cohdb
Replays
Latest Replays
All Replays
Popular Replays
Top Player Replays
Match Explorer
How It Works
Community
CoH3 Stats
Reddit
Sign in to upload your games and track your stats! →
Sign in with Steam
Match 34765519
Unlisted
Match 34765519
Overview
Messages
Build Orders
End
Vickers Machine Gun Team
Construct Section Command Post
Dingo Light Scout Car
Infantry Section
ML 3-inch Mortar Team
Infantry Section
Construct Platoon Command Post
Humber Armored Car
Infantry Section
6-pounder Anti-tank Gun Team
Royal Engineer Section
Forward Retreat Point
CMP 15cwt Truck
CMP 15cwt Truck
Grenade Package
Construct Company Command Post
Unlock M3 Grant Medium Tanks
M3 Grant Medium Tank
M3 Grant Medium Tank
M3 Grant Medium Tank
oberlet
Sluger
Obsidian-Fury
MerceBoby
UH|dun! ツ
UH|ck
UH|XTC
insane
0
0
Comments
sign in to comment!
No comments posted yet!